Description

BING BANG BOOM! Get economic cheese wins with this insane battlecruiser build

Build Order

Get SALT Encoding   

  14  0:19  Supply Depot  
  17  1:01  Command Center  
  18  1:14  Barracks  
  19  1:20  Refinery  
  19  1:22  Refinery  
  22  2:01  Marine  
  22  2:02  Orbital Command  
  22  2:09  Factory  
  22  2:15  Orbital Command  
  22  2:19  Reactor  
  26  2:52  Hellion x2, Starport  
  37  3:34  Tech Lab  
  37  3:30  Fusion Core  
  39  3:46  Refinery  
  39  3:51  Supply Depot  
  39  4:17  Battlecruiser  
  52  4:26  Supply Depot  
  59  4:39  Hellion x2, Battlecruiser  
  65  4:55  Action  yamato cannon
  66  5:11  Command Center  
  66  5:20  Starport  
  66  5:30  Action  From here on keep spamming Orbitals and Battlecruisers, you spam Orbitals so you eventually don't need more than a couple dozen workers
Spawning Tool Build Advisor. Get it on Overwolf

Go to:

Details

  • Created by: asdfer4t
  • Published on: May 19, 2024
  • Modified on: May 19, 2024
  • Patch: 5.0.11
  • Difficulty: Medium
Show
View Real Time Build Order
Export as new Build Order

Comments (3)

On May 26, 2024, 2:03 p.m., asdfer4t  said:

It's economic cheese

On May 22, 2024, 12:53 p.m., larper  said:

How is this a cheese when it is CC first?

On May 19, 2024, 9:39 p.m., asdfer4t  said:

😂😂😂

Create an account to comment!